 Dungeon Crawl Stone Soup version 0.18-a0-1773-gec4f98e (webtiles) character file.

21 M4edhros the Grave Robber (level 2, 0/17 HPs)
             Began as an Octopode Necromancer on Apr 14, 2016.
             Slain by a kobold
             ... wielding a +0 short sword
              (1 damage)
             ... on level 1 of the Dungeon.
             The game lasted 00:03:16 (533 turns).

M4edhros the Grave Robber (Octopode Necromancer)     Turns: 533, Time: 00:03:17

Health: 0/17       AC:  1    Str:  7    XL:     2   Next: 87%
Magic:  2/5        EV: 12    Int: 17    God:
Gold:   46         SH:  0    Dex: 12    Spells: 1 memorised, 4 levels left

rFire  . . .     SeeInvis .       - Unarmed
rCold  . . .     Gourm    .     (no shield)
rNeg   . . .     Faith    .     (helmet restricted)
rPois  .         Spirit   .     (no amulet)
rElec  .         Dismiss  .     (no ring)
rCorr  .         Reflect  .     (no ring)
SustAt .         Harm     .     (no ring)
MR     .....                    (no ring)
Stlth  +++.......               (no ring)
                                (no ring)
                                (no ring)
                                (no ring)

@: very slightly contaminated, not resistant to hostile enchantments, fairly
stealthy
A: almost no armour, amphibious, 8 rings, constrict 8, camouflage 1, gelatinous
body 1
a: no special abilities


You were on level 1 of the Dungeon.
You were not hungry.

You visited 1 branch of the dungeon, and saw 2 of its levels.

You collected 46 gold pieces.

Inventory:

Missiles
 f - 75 stones (quivered)
Scrolls
 c - a scroll of identify
 g - 2 scrolls of remove curse
 h - a scroll of magic mapping
Potions
 e - a potion of haste
 i - a potion of curing
Books
 a - a book of Necromancy

   Spells                             Type                      Level
   a - Pain                           Necromancy                   1
   b - Animate Skeleton               Necromancy                   1
   c - Vampiric Draining              Necromancy                   3
   d - Regeneration                   Charms/Necromancy            3
   e - Animate Dead                   Necromancy                   4
   f - Control Undead                 Necromancy                   4
Comestibles
 b - a bread ration


   Skills:
 - Level 2.0 Dodging
 - Level 2.6 Stealth
 + Level 2.4 Unarmed Combat
 - Level 2.0 Spellcasting
 - Level 4.0 Necromancy


You had 4 spell levels left.
You knew the following spells:

 Your Spells              Type           Power        Failure   Level  Hunger
a - Pain                  Necr           ###.         3%          1    #......


Dungeon Overview and Level Annotations

Branches:
Dungeon (2/15)

Altars:


Innate Abilities, Weirdness & Mutations

You cannot wear most types of armour.
You are amphibious.
You can wear up to eight rings at the same time.
You can use your tentacles to constrict eight enemies at once.
Your skin changes colour to match your surroundings (Stealth).
Your rubbery body absorbs attacks (AC +1).


Message History

A kobold comes into view. It is wielding a short sword.
The kobold shouts!
The kobold hits you with a short sword.
* * * LOW HITPOINT WARNING * * *
Casting: Pain
Confirm with . or Enter, or press ? or * to list all spells.
Aiming: Pain
Press: ? - help, Shift-Dir - straight line, f - kobold
Aim: a kobold, wielding a short sword (chance to defeat MR: 92%)
The kobold barely resists.
The kobold hits you with a short sword.
* * * LOW HITPOINT WARNING * * *
Casting: Pain
Confirm with . or Enter, or press ? or * to list all spells.
Aiming: Pain
Press: ? - help, Shift-Dir - straight line, f/p - kobold
Aim: a kobold, wielding a short sword (chance to defeat MR: 92%)
You miscast Pain.
You are very lightly contaminated with residual magic.
You feel numb. The kobold hits you with a short sword.
You die...

#. #..
.# #
#.. .#
#.. .#
... .#
.. .#
.. .#
###.#
#.@K#
#.###
#.# #.#
#.# #.#
#####.#
#.....#
#.#####


You could see a kobold.

Vanquished Creatures
  A giant gecko (D:1)
  4 bats (D:1)
  A hobgoblin (D:1)
  7 jackals (D:1)
  A ball python (D:1)
  A giant newt (D:1)
  3 kobolds
  A rat (D:1)
19 creatures vanquished.

Notes
Turn   | Place    | Note
--------------------------------------------------------------
     0 | D:1      | M4edhros the Octopode Necromancer began the quest for the Orb.
     0 | D:1      | Reached XP level 1. HP: 11/11 MP: 3/3
    24 | D:1      | Reached skill level 1 in Unarmed Combat
    86 | D:1      | Reached XP level 2. HP: 11/17 MP: 1/5
   533 | D:1      | Slain by a kobold

Vault maps used:
D:1:      shiori_shiawase, minmay_crystal_room, st_stairs_1
D:2:      ashenzari_conservatory_becter, grunt_dithmenos_smoke, minivault_26

Skill      XL: |  1  2 |
---------------+-------+-----
Unarmed Combat | 1 2 |  2.4
Dodging        | |  2.0
Stealth        | |  2.6
Spellcasting   | |  2.0
Necromancy     | |  4.0

Action                   || total
-------------------------++-------
Melee: Unarmed           ||     8
       Constrict         ||     2
       Tentacles         ||     1
 Cast: Pain              ||    27
  Use: Scroll            ||     4
       Potion            ||     2
Armor: Skin              ||     2
Dodge: Dodged            ||     8
